 Dungeon Crawl Stone Soup version 0.18-a0-750-g37044d6 (webtiles) character file.

1616 gorblad the Poker (level 8, -5/64 HPs)
             Began as a Demonspawn Chaos Knight on Dec 11, 2015.
             Killed by nerve-wracking pain
             ... invoked by an orc priest
              (13 damage)
             ... on level 5 of the Dungeon.
             The game lasted 00:12:01 (4929 turns).

gorblad the Poker (Demonspawn Chaos Knight)         Turns: 4929, Time: 00:12:07

Health: -5/64      AC:  5    Str: 12    XL:     8   Next: 64%
Magic:  8/8        EV: 15    Int: 17    God:    Xom [*.....]
Gold:   980        SH:  0    Dex: 15    Spells: 0 memorised, 7 levels left

rFire  + . .     SeeInvis .     j - +4 scythe (flame)
rCold  . . .     Clarity  .     b - +2 leather armour
rNeg   . . .     SustAt   .     (shield currently unavailable)
rPois  .         Gourm    .     (helmet restricted)
rElec  .         Spirit   .     (no cloak)
rCorr  .         Dismiss  .     (no gloves)
rMut   .         Stasis   .     (no boots)
MR     .....                    (no amulet)
Stlth  ++........               (no ring)
                                k - +3 ring of intelligence

@: not resistant to hostile enchantments, unstealthy
A: horns 2, fire resistance 1, sturdy frame 2
a: Renounce Religion


You were on level 5 of the Dungeon.
You worshipped Xom.
You were a special plaything of Xom.
You were hungry.

You visited 1 branch of the dungeon, and saw 5 of its levels.

You collected 980 gold pieces.

Inventory:

Hand Weapons
 a - a +1 spear of chaos
 j - a +4 scythe of flaming (weapon)
Armour
 b - a +2 leather armour (worn)
Jewellery
 f - an uncursed ring of positive energy {unknown}
 k - a +3 ring of intelligence (left hand)
 l - an uncursed amulet of rage {unknown}
Wands
 i - a wand of hasting (4)
Scrolls
 d - 2 scrolls of remove curse
 m - a scroll of amnesia
 n - a scroll of recharging {unknown}
Comestibles
 c - 4 bread rations
 g - 2 meat rations


   Skills:
 + Level 5.8 Fighting
 + Level 6.0 Polearms
 + Level 2.7 Armour
 + Level 5.9 Dodging
 + Level 3.1 Stealth


You had 7 spell levels left.
You didn't know any spells.

Dungeon Overview and Level Annotations

Branches:
Dungeon (5/15)
 Temple: D:4-7

Altars:

Shops:
D:4 :


Innate Abilities, Weirdness & Mutations

You have a pair of horns on your head.
Your flesh is heat resistant.
Your movements are less encumbered by armour (ER -4).


Message History

Unknown command.
You barely miss the orc priest. You headbutt the orc priest!
The orc priest is heavily wounded.
The orc priest barely misses you. The orc priest misses you.
The orc closely misses you.
The orc priest mumbles some strange prayers to Beogh against you.
You struggle to resist.
You hit the orc priest. You burn the orc priest.
The orc priest is severely wounded.
The orc hits you but does no damage. The orc priest barely misses you.
The orc priest hits you but does no damage.
The orc closely misses you. The orc priest hits you with a flail.
* * * LOW HITPOINT WARNING * * *
You barely miss the orc priest. You headbutt the orc priest.
The orc priest is almost dead.
The orc priest barely misses you. The orc closely misses you.
The orc priest barely misses you.
The orc priest calls down the wrath of Beogh upon you.
Pain shoots through your body!
You die...

#.###########.## ### #.#
######.##.. #.# ..........#
..# ..........# ..#
..........## ..# ..........
#.# .......########
..###########...oo......
#..........(....@)......
.................o......
........................
≈≈≈≈≈≈≈≈≈≈≈≈≈≈≈≈≈≈≈≈≈≈≈≈
≈≈≈≈≈≈≈≈≈≈≈≈≈≈≈≈≈≈≈≈≈≈≈≈
≈≈≈≈≈≈≈≈≈≈≈≈≈≈≈≈≈≈≈≈≈≈≈≈
≈≈≈≈≈≈≈≈≈≈≈≈≈≈≈≈≈≈≈≈≈≈≈#####
########################...#
#.....(.#..............#...#


You could see 2 orc priests and an orc.

Vanquished Creatures
  The ghost of Canard the Chiller, an amateur MfIE (D:4)
  Sigmund (D:2)
  A wyvern (D:4)
  3 ogres
  A centaur (D:5)
  4 big kobolds (D:5)
  A hound (D:4)
  A giant frog skeleton (D:4)
  A giant frog zombie (D:5)
  4 orc priests
  2 orc wizards (D:4)
  3 worker ants (D:4)
  3 adders
  2 gnolls (D:5)
  A shadow imp (D:5)
  An ooze (D:4)
  2 worms (D:4)
  2 giant geckos
  18 orcs
  15 hobgoblins
  47 kobolds
  5 quokkas
  2 ball pythons
  2 bats
  4 giant cockroaches
  3 giant newts
  19 goblins
  4 jackals (D:5)
  8 rats
161 creatures vanquished.

Vanquished Creatures (collateral kills)
  Terence (D:3)
  Robin (D:3)
2 creatures vanquished.

Grand Total: 163 creatures vanquished

Notes
Turn   | Place    | Note
--------------------------------------------------------------
     0 | D:1      | gorblad the Demonspawn Chaos Knight began the quest for the Orb.
     0 | D:1      | Reached XP level 1. HP: 18/18 MP: 1/1
   125 | D:1      | Reached skill level 1 in Dodging
   165 | D:1      | XOM: harmless Pois miscast
   192 | D:1      | Gained mutation: You have a pair of small horns on your head. [demonic ancestry]
   192 | D:1      | Reached XP level 2. HP: 20/24 MP: 2/2
   830 | D:1      | XOM: harmless Fire miscast
   977 | D:2      | Gained mutation: Your movements are slightly less encumbered by armour (ER -2). [demonic ancestry]
   977 | D:2      | Reached XP level 3. HP: 26/29 MP: 3/3
   999 | D:2      | XOM: god gift: 54 gold pieces
  1110 | D:2      | Noticed Sigmund
  1120 | D:2      | Killed Sigmund
  1120 | D:2      | Reached skill level 4 in Fighting
  1120 | D:2      | Reached skill level 1 in Stealth
  1120 | D:2      | Gained mutation: Your flesh is heat resistant. [demonic ancestry]
  1120 | D:2      | Reached XP level 4. HP: 6/37 MP: 4/4
  1120 | D:2      | Gained mutation: You have a pair of horns on your head. [demonic ancestry]
  1120 | D:2      | Reached XP level 5. HP: 6/42 MP: 5/5
  1866 | D:3      | Noticed Robin
  1888 | D:3      | XOM: cast spell 'Summon Ice Beast'
  1890 | D:3      | XOM: divination: detect creatures
  1896 | D:3      | Killed Robin
  2178 | D:3      | Noticed Terence
  2186 | D:3      | XOM: blink monster(s)
  2229 | D:3      | XOM: summons 2 friendly demons
  2234 | D:3      | Killed Terence
  2267 | D:3      | Reached XP level 6. HP: 38/49 MP: 6/6
  2590 | D:4      | Noticed Canard's ghost (amateur MfIE)
  2590 | D:4      | XOM: enchant monster (bad)
  2628 | D:4      | Noticed a wyvern
  2777 | D:3      | XOM: colour smoke trail
  2871 | D:4      | XOM: divination: detect creatures
  2878 | D:4      | XOM: smoke on damage
  2879 | D:4      | Killed a wyvern
  2881 | D:4      | HP: 1/49 [Canard's ghost/Freeze (13)]
  3192 | D:4      | XOM: harmless Air miscast
  3198 | D:4      | XOM: divination: magic mapping
  3200 | D:4      | Killed Canard's ghost
  3200 | D:4      | Reached skill level 5 in Fighting
  3200 | D:4      | Reached XP level 7. HP: 49/56 MP: 7/7
  3462 | D:4      | Reached skill level 5 in Polearms
  3537 | D:4      | XOM: god gift: 660 gold pieces
  3613 | D:4      | XOM: harmless Necr miscast
  3633 | D:4      | Reached skill level 5 in Dodging
  3633 | D:4      | Gained mutation: Your movements are less encumbered by armour (ER -4). [demonic ancestry]
  3633 | D:4      | Reached XP level 8. HP: 21/63 MP: 8/8
  3946 | D:4      | Found Tuewol's Book Shop.
  4131 | D:5      | Entered Level 5 of the Dungeon
  4730 | D:5      | XOM: harmless Conj miscast
  4925 | D:5      | Reached skill level 6 in Polearms
  4929 | D:5      | Killed from afar by an orc priest

Vault maps used:
D:1:      shiori_arrival_maze
D:2:      uniq_sigmund
D:3:      uniq_robin, uniq_terence
D:4:      serial_shops, shop, first_bread, kennysheep_nondescript
D:5:      minmay_goblin_kobold_castle

Action                   |  1- 3 |  4- 6 |  7- 9 || total
-------------------------+-------+-------+-------++-------
Melee: Spear             |   114 |       |       ||   114
       Scythe            |       |    96 |   198 ||   294
  Use: Scroll            |     3 |     8 |     1 ||    12
       Potion            |       |     3 |     1 ||     4
 Stab: Paralysed         |     1 |       |       ||     1
       Sleeping          |     2 |     2 |     5 ||     9
       Petrifying        |     1 |       |       ||     1
  Eat: Chunk             |     1 |     5 |     5 ||    11
       Royal jelly       |       |     1 |       ||     1
